 Dungeon Crawl Stone Soup version 0.30-a0-867-g305f33218d (webtiles) character file.

Game seed: 6876276290404677913

1787 Zigma the Slasher (level 8, -13/67 HPs)
             Began as a Black Draconian Monk on Mar 10, 2023.
             Mangled by Pikel the wyvern (15 damage)
             ... on level 5 of the Dungeon.
             The game lasted 00:11:16 (5955 turns).

Zigma the Slasher (Black Draconian Monk)            Turns: 5955, Time: 00:11:16

Health: -13/67     AC:  6    Str: 13    XL:     8   Next: 82%
Magic:  11/11      EV: 13    Int: 13    God:
Gold:   322        SH:  0    Dex: 14    Spells: 5/9 levels left

rFire   + . .      SeeInvis .    a - +0 falchion
rCold   . . .      Faith    .    (no shield)
rNeg    . . .      Spirit   .    (body armour unavailable)
rPois   .          Reflect  .    (helmet restricted)
rElec   +          Rampage  .    (no cloak)
rCorr   .                        (no gloves)
Will    .....                    (no boots)
Stlth   ++                       l - amulet of magic regeneration
HPRegen 0.31/turn                p - ring of protection from fire
MPRegen 0.52/turn                (no ring)

@: about to teleport, short of breath
A: breathe lightning, AC +6, unfitting armour, electricity resistance,
cold-blooded
a: Breathe Lightning


You were on level 5 of the Dungeon.
You visited 2 branches of the dungeon, and saw 6 of its levels.

You collected 322 gold pieces.

Inventory:

Hand Weapons
 a - a +0 falchion (weapon)
Jewellery
 l - an amulet of magic regeneration (around neck)
 p - a ring of protection from fire (left hand)
Wands
 r - a wand of quicksilver (1)
Scrolls
 d - a scroll of enchant armour {unknown}
 f - a scroll of amnesia {unknown}
 g - a scroll of teleportation
 i - 2 scrolls of fog {unknown}
 j - 3 scrolls of identify
 k - a scroll of fear {unknown}
 n - 3 scrolls of magic mapping
 q - a scroll of vulnerability {unknown}
 u - a scroll of blinking {unknown}
Potions
 b - a potion of ambrosia
 c - 2 potions of brilliance
 h - a potion of flight
 m - a potion of resistance
 s - a potion of berserk rage {unknown}
 t - 2 potions of mutation {unknown}


   Skills:
 + Level 4.9 Fighting
 * Level 6.8 Long Blades
 + Level 4.5 Dodging
 + Level 3.2 Stealth
 * Level 4.3 Unarmed Combat
 + Level 1.2 Spellcasting
 + Level 2.0 Translocations
 + Level 1.7 Transmutations
 + Level 1.0 Earth Magic
 * Level 4.1 Invocations
 + Level 1.0 Evocations


You had 5 spell levels left.
You knew the following spells:

 Your Spells              Type           Power      Damage    Failure   Level
l - Lesser Beckoning      Tloc           12%        N/A       19%         2
p - Passwall              Tmut/Erth      3%         N/A       24%         2

Your spell library contained the following spells:

 Spells                   Type           Power      Damage    Failure   Level
 Necrotise                Necr           0%         1d4       28%         1
 Gell's Gravitas          Tloc           6%         N/A       34%         3
 Teleport Other           Tloc           6%         N/A       34%         3
 Ensorcelled Hibernation  Hex/Ice        0%         N/A       38%         2
 Inner Flame              Hex/Fire       0%         N/A       63%         3
 Swiftness                Air            0%         N/A       63%         3
 Vampiric Draining        Necr           0%         2d6       63%         3
 Flame Wave               Conj/Fire      0%         2d4       95%         4
 Sticky Flame             Conj/Fire      0%         2d3       95%         4
 Agony                    Necr           0%         N/A       100%        5


Dungeon Overview and Level Annotations

Branches:
Dungeon (5/15)             Temple (1/1) D:4

Altars:
Cheibriados
Dithmenos
Fedhas
Gozag
Hepliaklqana
Kikubaaqudgha
Makhleb
Okawaru
Qazlal
Ru
Sif Muna
Trog
Vehumet
Wu Jian
Xom
Zin
The Shining One

Shops:
D:1 (

Annotations:
D:5 Pikel


Innate Abilities, Weirdness & Mutations

You can breathe wild blasts of lightning.
Your glossy black scales are hard. (AC +6)
You cannot fit into any form of body armour.
You are resistant to electric shocks. (rElec)
You are cold-blooded and may be slowed by cold attacks.


Message History

That felt strangely unrewarding.
The orb of electricity explodes!
The orb of electricity engulfs you! You resist.
You hear a shout! x2; You hear an angry hiss.
Pikel, Merchant of Souls comes into view.
He is wielding a +0 whip of freezing.
Pikel is nearby!
Aiming: Polymorph
Press: ? - help, Shift-Dir - straight line, f - Pikel
Aim: Pikel, wielding a +0 whip of freezing and wearing a +0 robe (heavily wounded, will become a rime drake, a basilisk, or an ice beast, chance to affect: 50%) Pikel evaporates and reforms as an ice beast!
Okay, then.
Okay, then.
You see here an adder corpse.
Aiming: Polymorph
Press: ? - help, Shift-Dir - straight line, f/p - Pikel
Aim: Pikel the ice beast (will become a wyvern, a tengu, or a water moccasin, chance to affect: 50%) Pikel the ice beast evaporates and reforms as a wyvern!
You hit Pikel but do no damage. Pikel bites you!
* * * LOW HITPOINT WARNING * * *
Pikel bites you!
* * * LOW HITPOINT WARNING * * *
You barely miss Pikel.
Your tail-slap misses Pikel.
Pikel bites you!
* * * LOW HITPOINT WARNING * * *
Okay, then.
Okay, then.
You feel better. Pikel bites you!
* * * LOW HITPOINT WARNING * * *
Pikel misses you.
Aiming: Polymorph
Press: ? - help, Shift-Dir - straight line, f/p - Pikel
Aim: Pikel the wyvern (will become a rime drake, a queen bee, or a tengu, chance to affect: 50%) Pikel resists with significant effort.
The now-empty wand crumbles to dust.
Pikel bites you.
* * * LOW HITPOINT WARNING * * *
Unknown command.
Okay, then.
Unknown command.
Okay, then.
As you read the scroll labelled FADWAI GAOHA, it crumbles to dust.
You feel strangely unstable.
It was a scroll of teleportation.
Pikel bites you!
You die...

#.# #.....# ##.####.....#
#...........# #..####.....#
##.........### #............#
##.#...#.###.##### ###
.................# ... #######
##.##..#..##..##@# #.# #......
##.##..#..##..##l# #.# #.##...
##............##.###)# #.##.##
#####.##.#.##.##...†.# #.##.#
......##.#.##.#############.##.##
########......# ####......[...
##...### #............. #...#
#.##.##.###### #..<# #.##.##.#


You could see Pikel the wyvern.

Vanquished Creatures
  A wyvern (D:5)
  A fire bat (D:4)
  A water moccasin (D:5)
  An ice beast (D:5)
  2 black bears
  An ogre (D:5)
  A wolf (D:5)
  A centaur (D:5)
  3 lemures (D:5)
  4 scorpions
  A jelly (D:5)
  3 orc priests
  4 hounds (D:5)
  Jessica (D:3)
  3 iguanas
  3 orc wizards
  3 gnolls (D:3)
  8 adders
  A river rat (D:5)
  2 white imps (D:5)
  2 worms
  3 dart slugs
  9 orcs
  10 endoplasms
  2 giant cockroaches
  8 goblins
  8 hobgoblins
  4 jackals (D:2)
  5 kobolds
  8 quokkas
  9 ball pythons
  4 bats
  A frilled lizard (D:1)
  3 rats
121 creatures vanquished.

Vanquished Creatures (others)
  An adder (D:5)
  3 plants (D:2)
4 creatures vanquished.

Grand Total: 125 creatures vanquished

Notes
Turn   | Place    | Note
-------+----------+-------------------------------------------
     0 | D:1      | Zigma the Draconian Monk began the quest for the Orb.
     0 | D:1      | Reached XP level 1. HP: 19/19 MP: 1/1
   176 | D:1      | Reached XP level 2. HP: 15/26 MP: 2/2
   644 | D:1      | Found Sebuh's Antique Weapon Shop.
   666 | D:1      | Found a faded altar of an unknown god.
   991 | D:2      | Reached XP level 3. HP: 32/33 MP: 3/3
  1096 | D:2      | Reached skill level 1 in Invocations
  1203 | D:2      | Noticed a scorpion
  1220 | D:2      | Killed a scorpion
  1221 | D:2      | Reached skill level 4 in Long Blades
  1221 | D:2      | Reached skill level 1 in Unarmed Combat
  1221 | D:2      | Reached XP level 4. HP: 25/40 MP: 3/5
  1813 | D:2      | Identified the +5 hand axe "Pyr Zayt" {chaos, Fly rElec rN+
                  | Int+4}
  1944 | D:3      | Reached XP level 5. HP: 39/46 MP: 6/6
  2010 | D:3      | Identified the +4 hand axe of Propriety {drain, *Noise
                  | *Slow rElec rPois Str+7}
  2238 | D:3      | Noticed Jessica
  2248 | D:3      | Killed Jessica
  2610 | D:3      | Reached XP level 6. HP: 24/52 MP: 7/7
  2768 | D:3      | Learned a level 2 spell: Lesser Beckoning
  2771 | D:3      | Learned a level 2 spell: Passwall
  2921 | D:4      | Reached skill level 1 in Translocations
  2921 | D:4      | Reached skill level 1 in Transmutations
  2921 | D:4      | Reached skill level 1 in Earth Magic
  3081 | D:4      | Found a staircase to the Ecumenical Temple.
  3090 | Temple   | Entered the Ecumenical Temple
  3233 | D:4      | Noticed a water moccasin
  3237 | D:4      | a water moccasin changed into a blink frog
  3237 | D:4      | Noticed a blink frog
  3255 | D:4      | a blink frog changed into a fire bat
  3255 | D:4      | Noticed a fire bat
  3272 | D:4      | Killed a fire bat
  3273 | D:4      | Reached skill level 5 in Long Blades
  3273 | D:4      | Your scales start taking on a glossy black colour.
  3273 | D:4      | Reached XP level 7. HP: 5/59 MP: 8/8
  3273 | D:4      | Gained mutation: You are resistant to electric shocks.
                  | (rElec) [Black Draconian growth]
  4142 | D:5      | Entered Level 5 of the Dungeon
  4300 | D:5      | Noticed Ijyb
  4308 | D:5      | Ijyb changed into Ijyb the river rat
  4308 | D:5      | Noticed Ijyb
  4314 | D:5      | Killed Ijyb the river rat
  4528 | D:5      | Noticed Edmund
  4538 | D:5      | Edmund changed into Edmund the wolf
  4538 | D:5      | Noticed Edmund
  4546 | D:5      | Killed Edmund the wolf
  4547 | D:5      | Reached XP level 8. HP: 5/67 MP: 10/10
  4670 | D:5      | Reached skill level 6 in Long Blades
  5049 | D:5      | Reached skill level 1 in Spellcasting
  5424 | D:5      | Found a snail-covered altar of Cheibriados.
  5446 | D:5      | HP: 3/67 [wyvern (12)]
  5448 | D:5      | Reached skill level 1 in Evocations
  5726 | D:5      | Found a burning altar of Makhleb.
  5727 | D:5      | Found a hazy altar of Hepliaklqana.
  5944 | D:5      | Noticed Pikel
  5945 | D:5      | Pikel changed into Pikel the ice beast
  5945 | D:5      | Noticed Pikel
  5950 | D:5      | Pikel the ice beast changed into Pikel the wyvern
  5950 | D:5      | Noticed Pikel
  5954 | D:5      | HP: 1/67 [Pikel the wyvern (5)]
  5955 | D:5      | Mangled by Pikel the wyvern

Illustrated notes

Levels and vault maps discovered:
D:1:      wheals_arrival_shading, layout_basic, serial_shops, shop,
          ebering_ecumenical_altar_petrified
D:2:      layout_basic, serial_forest, infiniplex_forest_clump_small,
          infiniplex_forest_straight_5, infiniplex_forest_clump_tiny,
          infiniplex_forest_straight_5, infiniplex_forest_lined_2,
          infiniplex_forest_lined_1, infiniplex_forest_corner_2,
          infiniplex_forest_end_3, infiniplex_forest_side_room
D:3:      layout_basic, chequers_jeans, minmay_misc_feat_encased,
          minmay_misc_feat_tower, uniq_jessica
D:4:      layout_loops_ring, minmay_temple_entry_offerings, minmay_crystal_water
D:5:      layout_loops_cross, gammafunk_temple_overflow_pools,
          amcnicky_altar_gilded, hangedman_minor_gate_pass, uniq_edmund,
          uniq_ijyb, uniq_pikel
Temple:   eino_temple_lava

Skill      XL: |  1  2  3  4  5  6  7  8 |
---------------+-------------------------+-----
Stealth        | 2 3 |  3.2
Invocations    | 1 2 3 4 |  4.1
Fighting       | 4 |  4.9
Long Blades    | 4 5 6 |  6.8
Unarmed Combat | 1 2 3 4 |  4.3
Dodging        | 3 4 |  4.5
Translocations | 1 2 |  2.0
Transmutations | 1 |  1.7
Earth Magic    | 1 |  1.0
Spellcasting   | 1 |  1.2
Evocations     | 1 |  1.0

Action                     |  1- 3 |  4- 6 |  7- 9 || total
---------------------------+-------+-------+-------++-------
  Melee: Falchion          |   102 |   178 |   207 ||   487
         Tailslap          |    14 |    23 |    28 ||    65
         Punch             |     2 |     3 |     2 ||     7
   Cast: Lesser Beckoning  |       |     4 |     7 ||    11
         Passwall          |       |       |     2 ||     2
Ability: Breathe Lightning |       |       |    13 ||    13
  Evoke: Wand              |       |     3 |    12 ||    15
    Use: Potion            |     1 |     5 |     3 ||     9
         Scroll            |       |     5 |     1 ||     6
   Stab: Sleeping          |     2 |     5 |     5 ||    12
         Distracted        |     1 |     2 |       ||     3
 Armour: Skin              |    29 |    56 |    56 ||   141
  Dodge: Dodged            |    80 |   121 |   149 ||   350

Table legend: (Time is in decaauts)
 A = Elapsed time spent in this place.
 B = Non-inter-level travel time spent in this place.
 C = Inter-level travel time spent in this place.
 D = Time resting spent in this place.
 E = Time spent auto-exploring this place.
 F = Levels seen in this place.
 G = Mean time per level.
                   A        B        C        D        E       F      G
               +--------+--------+--------+--------+--------+-----+--------+
         Total |   5994 |   5923 |     71 |      2 |   4800 |   6 |  999.0 |
       Dungeon |   5929 |   5868 |     61 |      2 |   4746 |   5 | 1185.8 |
        Temple |     64 |     54 |     10 |      0 |     54 |   1 |   64.0 |
               +--------+--------+--------+--------+--------+-----+--------+

Top non-repeatable levels by time:
     D:5: 1811 daAuts
     D:4: 1249 daAuts
     D:2: 986 daAuts
     D:3: 964 daAuts
     D:1: 918 daAuts
  Temple: 64 daAuts
